Map: Celestial Enclave LE

Players

Coil - Winner!

  • Race: Zerg Zerg
  • Spawn Location: 1:00

VOD

Have the link to the VOD?

Description

Time

  • Played on: July 2, 2026, 9:05 a.m.
  • Length: 14:47
Show
View Real Time Build Order
Export as new Build Order

Coil Zerg - Winner!

Build Orders:  

Get SALT Encoding   

  8  0:03  Drone  
  9  0:15  Drone  
  10  0:27  Drone  
  11  0:39  Overlord  
  11  0:49  Drone  
  12  0:55  Extractor  
  12  0:56  Drone  
  13  1:06  Drone  
  14  1:13  Drone  
  15  1:44  Drone x2  
  17  1:55  Hatchery  
  13  2:00  Drone  
  17  2:16  Drone  
  18  2:20  Extractor  
  17  2:30  Spawning Pool  
  17  2:33  Drone  
  17  2:39  Drone  
  18  2:50  Drone  
  19  3:12  Overlord  
  19  3:27  Drone  
  20  3:39  Queen x2  
  24  3:43  Drone  
  24  3:44  Drone  
  26  3:50  Drone  
  26  3:52  Zergling x2  
  28  4:07  Overlord  
  28  4:14  Drone x2  
  30  4:30  Drone  
  30  4:31  Drone  
  32  4:47  Metabolic Boost  
  32  5:01  Drone  
  32  5:03  Drone x2  
  32  5:04  Drone x2  
  37  5:14  Queen  
  37  5:18  Drone  
  40  5:20  Hatchery  
  40  5:22  Overlord  
  39  5:42  Drone  
  39  5:49  Drone  
  36  5:50  Drone  
  41  5:53  Drone x3  
  45  6:01  Queen  
  45  6:04  Drone  
  45  6:07  Overlord  
  48  6:25  Spore Crawler  
  47  6:30  Spore Crawler, Queen  
  47  6:35  Drone x5  
  53  7:05  Drone x2  
  53  7:07  Overlord  
  53  7:09  Drone x3  
  58  7:30  Drone  
  58  7:33  Overlord  
  58  7:35  Drone x3  
  58  7:36  Drone x4  
  66  7:54  Extractor  
  65  8:12  Lair  
  65  8:27  Extractor  
  65  8:29  Extractor  
  63  8:39  Evolution Chamber  
  62  8:42  Roach Warren  
  61  9:04  Drone x3  
  61  9:07  Overlord x2  
  61  9:08  Overlord  
  64  9:11  Drone  
  64  9:12  Drone x2  
  64  9:13  Drone x9  
  76  9:32  Overlord  
  76  9:36  Drone x3  
  79  9:53  Extractor  
  79  9:54  Drone x4  
  79  9:56  Extractor  
  81  10:02  Overlord  
  81  10:03  Zergling x4  
  81  10:04  Zergling x6  
  86  10:21  Drone  
  86  10:22  Zergling x2  
  86  10:23  Zergling x4  
  90  11:13  Roach  
  90  11:14  Roach x7  
  90  11:15  Roach x5  
  116  11:24  Overlord  
  116  11:25  Overlord x3  
  116  11:26  Overlord  
  116  11:37  Zerg Ground Armor Level 1  
  116  11:38  Glial Reconstitution  
  116  12:27  Roach  
  116  12:28  Zergling x2, Roach  
  116  12:29  Roach x8  
  137  12:30  Roach x3  
  137  12:33  Overlord  
  143  12:48  Overlord x3  
  143  12:51  Roach x5  
  143  12:52  Roach  
  155  13:06  Overseer  
  155  13:11  Overlord  
  155  13:18  Overlord x2  
  155  13:23  Roach  
  155  13:24  Roach x3  
Tags
 
Add a new tag
Caveats
  • Supply blocks, unpowered buildings, or Contaminate may cause inaccurate times.
  • Supply counts are checked every 10 seconds.